 Dungeon Crawl Stone Soup version 0.26.0-10-g1f06aea511 (webtiles) character file.

Game seed: 1512691424316198277

1439 MajorAdolf the Skirmisher (level 8, -11/76 HPs)
             Began as a Naga Wanderer on Jan 14, 2021.
             Mangled by Pikel
             ... wielding a +1 whip of electrocution
              (18 damage)
             ... on level 6 of the Dungeon.
             The game lasted 00:11:26 (8245 turns).

MajorAdolf the Skirmisher (Naga Wanderer)           Turns: 8245, Time: 00:11:27

Health: -11/76     AC: 10    Str: 19    XL:     8   Next: 74%
Magic:  8/8        EV:  4    Int: 12    God:
Gold:   357        SH:  8    Dex:  9    Spells: 7/7 levels left

rFire    + . .     SeeInvis +   m - +0 war axe
rCold    + . .     Faith    .   q - +0 kite shield
rNeg     . . .     Spirit   .   r - +0 chain mail
rPois    +         Reflect  .   l - +1 helmet
rElec    .         Harm     .   d - scarf {rC+ rF+}
rCorr    .         Rampage  .   (no gloves)
Will     +....                  (no barding)
Stlth    ..........             (no amulet)
HPRegen  0.22/turn              (no ring)
MPRegen  0.11/turn              (no ring)

@: about to teleport, very slow
A: large, see invisible, deformed body, poison resistance, slowness 2, spit
poison 1, AC +2
a: Spit Poison


You were on level 6 of the Dungeon.
You visited 1 branch of the dungeon, and saw 7 of its levels.

You collected 357 gold pieces.

Inventory:

Hand Weapons
 m - a +0 war axe (weapon)
 o - a +1 hand axe
Armour
 d - a scarf of resistance (worn)
 l - a +1 helmet (worn)
 q - a +0 kite shield (worn)
 r - a +0 chain mail (worn)
Wands
 c - a wand of enslavement (11) (quivered)
Scrolls
 a - a scroll of fear {unknown}
 e - 2 scrolls of magic mapping
 f - 9 scrolls of teleportation
 g - 4 scrolls of remove curse
 j - 3 scrolls of identify
 p - a scroll of immolation
 u - a scroll of enchant armour
Potions
 b - 3 potions of curing {unknown}
 h - 3 potions of flight
 i - 2 potions of mutation {unknown}
 k - 2 potions of magic
 n - 2 potions of haste {unknown}
 s - a potion of resistance {unknown}
 t - a potion of lignification {unknown}


   Skills:
 + Level 5.8 Fighting
 + Level 4.3(4.4) Axes
 - Level 1.0(2.9) Polearms
 + Level 4.2 Armour
 + Level 4.4 Dodging
 - Level 1.5 Stealth
 + Level 2.8 Shields
 - Level 1.0 Evocations


You had 7 spell levels left.
You didn't know any spells.
Your spell library contained the following spells:

 Spells                   Type           Power        Failure   Level
 Confusing Touch          Hex            0%           100%        3
 Gell's Gravitas          Tloc           0%           100%        3
 Petrify                  Tmut/Erth      0%           100%        4
 Metabolic Englaciation   Hex/Ice        0%           100%        5
 Yara's Violent Unravell  Hex/Tmut       0%           100%        5


Dungeon Overview and Level Annotations

Branches:
Dungeon (7/15)
 Temple: D:4-7

Altars:
Sif Muna

Shops:
D:6 (

Annotations:
D:6 Pikel


Innate Abilities, Weirdness & Mutations

You cannot wear boots.
Your serpentine skin is tough. (AC +2)
You have supernaturally acute eyesight. (SInv)
Armour fits poorly on your strangely shaped body.
Your system is resistant to poisons. (rPois)
You cover ground very slowly.
You can spit poison.


Message History

Okay, then.
Okay, then.
As you read the scroll of teleportation, it crumbles to dust.
You feel strangely unstable. You block Pikel's attack.
The lemure hits you but does no damage.
Unknown command.
You hit Pikel but do no damage.
Pikel is moderately wounded.
You barely miss the lemure.
Pikel hits you with a +1 whip of electrocution!
* * * LOW HITPOINT WARNING * * *
The lemure hits you but does no damage. Pikel hits you but does no damage.
You are electrocuted!
* * * LOW HITPOINT WARNING * * *
You barely miss the lemure.
The lemure is heavily wounded.
You closely miss Pikel. The lemure hits you.
* * * LOW HITPOINT WARNING * * *
Pikel hits you but does no damage.
You are electrocuted!!
You die...

.(......+....##..#...###
........##.####..#.....#
........##.####..'.....#
..§.....##.......#.....#
..........#####..#.....#
.≈§§≈≈....# #..#######
.≈###≈....# ##.#
..'∩+.....# #K#
.≈###≈....# #@#
.§≈≈§§....# #5#
########### #.# ..#
#########.# #.#
#.).......# #.#
#.######### ..# #.# ###
#.# #)#


You could see Pikel and a lemure.

Vanquished Creatures
  Sigmund (D:2)
  An orc warrior (D:6)
  A sky beast (D:5)
  2 ogres
  A necrophage (D:5)
  A centaur (D:5)
  2 lemures (D:6)
  3 bullfrogs
  A scorpion (D:4)
  A howler monkey (D:5)
  A hound (D:5)
  An orc priest (D:4)
  3 orc wizards
  4 worker ants
  Robin (D:2)
  A gnoll (D:5)
  8 adders
  2 ufetubi (D:5)
  An adder skeleton (D:5)
  7 worms
  5 dart slugs
  5 leopard geckos
  20 orcs
  3 giant cockroaches
  11 goblins
  6 hobgoblins
  11 jackals
  7 kobolds
  A quokka (D:5)
  A ball python skeleton (D:5)
  7 bats
  4 frilled lizards
  3 leopard gecko zombies
  5 rats
132 creatures vanquished.

Vanquished Creatures (others)
  A goblin (D:2)
1 creature vanquished.

Grand Total: 133 creatures vanquished

Notes
Turn   | Place    | Note
-------+----------+-------------------------------------------
     0 | D:1      | MajorAdolf the Naga Wanderer began the quest for the Orb.
     0 | D:1      | MajorAdolf set off with the following items: a +0 spear, a
                  | +0 ring mail, a wand of enslavement (15)
     0 | D:1      | Reached XP level 1. HP: 21/21 MP: 1/1
   148 | D:1      | Reached XP level 2. HP: 21/28 MP: 2/2
   756 | D:1      | Reached XP level 3. HP: 32/34 MP: 3/3
  2016 | D:2      | Reached XP level 4. HP: 26/44 MP: 4/4
  2522 | D:2      | Noticed Sigmund
  2522 | D:2      | Noticed Robin
  2575 | D:2      | Killed Sigmund
  2576 | D:2      | Reached skill level 4 in Fighting
  2576 | D:2      | Reached XP level 5. HP: 13/50 MP: 5/5
  2576 | D:2      | Reached XP level 6. HP: 14/57 MP: 6/6
  2769 | D:2      | Killed Robin
  4948 | D:4      | Reached XP level 7. HP: 60/66 MP: 7/7
  5082 | D:5      | Entered Level 5 of the Dungeon
  5319 | D:4      | Reached skill level 1 in Shields
  6496 | D:5      | Reached skill level 5 in Fighting
  6731 | D:5      | Reached XP level 8. HP: 61/74 MP: 8/8
  6880 | D:5      | Found a shimmering blue altar of Sif Muna.
  7605 | D:6      | Found Hatepurph's Antique Weapon Emporium.
  8221 | D:7      | Noticed Pikel
  8245 | D:6      | Mangled by Pikel

Illustrated notes

Levels and vault maps discovered:
D:1:      dpeg_arrival_refuge, layout_basic, serial_rivers,
          chequers_serial_rivers_micro_c, chequers_serial_rivers_small_3,
          chequers_serial_rivers_small_b, chequers_serial_rivers_micro_b,
          chequers_serial_rivers_micro_c
D:2:      layout_basic, uniq_sigmund, uniq_robin
D:3:      layout_loops_ring
D:4:      layout_basic
D:5:      layout_basic, marbit_many_paths
D:6:      layout_basic, serial_shops, kennysheep_mini_moat
D:7:      layout_basic, gammafunk_temple_overflow_elements,
          minmay_temple_entry_steel_oval, uniq_pikel

Skill      XL: |  1  2  3  4  5  6  7  8 |
---------------+-------------------------+-----
Dodging        | 2 3 4 |  4.4
Armour         | 2 3 4 |  4.2
Fighting       | 4 5 |  5.8
Axes           | 2 3 4 |  4.3
Shields        | 2 |  2.8
Polearms       | |  1.0
Stealth        | |  1.5
Evocations     | |  1.0

Action                   |  1- 3 |  4- 6 |  7- 9 || total
-------------------------+-------+-------+-------++-------
Melee: Spear             |   162 |    19 |       ||   181
       Hand axe          |       |   163 |    89 ||   252
       War axe           |       |       |   153 ||   153
 Abil: Spit Poison       |    16 |    27 |    19 ||    62
Evoke: Wand              |       |     2 |     2 ||     4
  Use: Scroll            |       |       |    13 ||    13
Armor: Ring mail         |    53 |    88 |    31 ||   172
       Chain mail        |       |       |   104 ||   104
Dodge: Dodged            |    77 |    74 |    73 ||   224
Block: Kite shield       |       |    27 |   125 ||   152
